 Dungeon Crawl Stone Soup version 0.27-a0-279-gdfb9265905 (webtiles) character file.

Game seed: 14892508651203259112

70 gimp the Chopper (level 4, -2/31 HPs)
             Began as a Halfling Chaos Knight on Feb 8, 2021.
             Was a Plaything of Xom.
             Slain by an orc
             ... wielding a +0 trident
              (5 damage)
             ... on level 3 of the Dungeon.
             The game lasted 00:03:50 (2228 turns).

gimp the Chopper (Halfling Chaos Knight)            Turns: 2228, Time: 00:03:51

Health: -2/31      AC:  6    Str: 20    XL:     4   Next: 44%
Magic:  4/4        EV: 13    Int: 10    God:    Xom [*.....]
Gold:   61         SH:  0    Dex: 13    Spells: 3/3 levels left

rFire    . . .     SeeInvis .   a - +0 hand axe (chaos)
rCold    . . .     Faith    .   (shield restricted)
rNeg     . . .     Spirit   .   b - +2 leather armour
rPois    .         Reflect  .   j - +0 helmet
rElec    .         Harm     .   (no cloak)
rCorr    .         Rampage  .   (no gloves)
Will     .....                  (no boots)
Stlth    +.........             (no amulet)
HPRegen  0.10/turn              k - +6 ring of strength
MPRegen  0.09/turn              (no ring)

@: no status effects
A: small, mutation resistance 1
a: Renounce Religion


You were on level 3 of the Dungeon.
You worshipped Xom.
You were a special plaything of Xom.
You visited 1 branch of the dungeon, and saw 3 of its levels.

You collected 61 gold pieces.

Inventory:

Hand Weapons
 a - a +0 hand axe of chaos (weapon)
Missiles
 e - 31 poisoned darts (quivered)
Armour
 b - a +2 leather armour (worn)
 j - a +0 helmet (worn)
Jewellery
 k - a +6 ring of strength (left hand)
Scrolls
 c - a scroll of blinking {unknown}
 f - 3 scrolls of immolation {unknown}
 g - a scroll of teleportation {unknown}
 i - 2 scrolls of identify {unknown}
Potions
 d - a potion of curing {unknown}
 h - 3 potions of haste {unknown}
 l - a potion of flight {unknown}


   Skills:
 - Level 3.0 Fighting
 * Level 4.7 Axes
 + Level 2.2 Armour
 - Level 1.1 Dodging


You had 3 spell levels left.
You didn't know any spells.
Your spell library was empty.

Dungeon Overview and Level Annotations

Branches:
Dungeon (3/15)

Altars:
Xom


Innate Abilities, Weirdness & Mutations

You are small and have problems with some larger weapons.
You are somewhat resistant to further mutation.


Message History

You hit the orc. You freeze the orc.
You kill the orc!
The orc hits you from afar with a +0 trident.
You take 4 damage, and have 13/31 hp.
You are too injured to fight recklessly!
You closely miss something. The orc barely misses you. Something hits you.
You take 1 damage, and have 12/31 hp.
You miss something. The orc barely misses you. Something hits you.
You take 1 damage, and have 11/31 hp.
You barely miss something. Something hits you. The orc closely misses you.
You take 1 damage, and have 10/31 hp.
You hit something but do no damage. Something hits you but does no damage.
The orc barely misses you.
You hit something. You freeze something.
You hear some strange, mumbled words.
A magic dart appears from out of thin air!
The magic dart hits you!
* * * LOW HITPOINT WARNING * * *
The orc hits you from afar with a +0 trident.
You die...

....# . . #.###...#
<#! #.##....# .o. .#
#.##..#.# #(# .#
##.##..#.## #o# ..
.>.......## #o# .#
#.##......###.#
.#####.##.......##o#
................@{.#
.#####.#.#......####
...............##
.#####.#.....#.#
.#####.......#.#
.............#.#
.######......#.#
.............#.#
.............#


You could see an orc.

Vanquished Creatures
  2 adders (D:2)
  4 worms
  A dart slug (D:1)
  2 leopard geckos (D:2)
  2 orcs (D:3)
  3 hobgoblins
  3 jackals (D:2)
  4 kobolds
  A quokka (D:2)
  A bat (D:2)
  3 frilled lizards (D:2)
  5 goblins (D:2)
  A jackal skeleton (D:2)
  4 rats
36 creatures vanquished.

Notes
Turn   | Place    | Note
-------+----------+-------------------------------------------
     0 | D:1      | gimp the Halfling Chaos Knight began the quest for the Orb.
     0 | D:1      | Reached XP level 1. HP: 15/15 MP: 1/1
   274 | D:1      | Reached XP level 2. HP: 20/20 MP: 2/2
   600 | D:1      | XOM: silly message
   712 | D:2      | XOM is BORED!
   712 | D:2      | XOM: 2-stop teleportation journey
  1142 | D:2      | Reached XP level 3. HP: 21/26 MP: 3/3
  1212 | D:2      | XOM: fog
  1238 | D:2      | Found a faded altar of an unknown god.
  1238 | D:2      | XOM: 2-stop teleportation journey
  1280 | D:2      | XOM: silly message
  1552 | D:2      | Reached skill level 4 in Axes
  1698 | D:2      | Reached XP level 4. HP: 27/31 MP: 4/4
  1875 | D:2      | Found a shimmering altar of Xom.
  2228 | D:3      | Slain by an orc

Illustrated notes

Levels and vault maps discovered:
D:1:      dpeg_arrival_long_road, layout_basic
D:2:      layout_loops_ring, marbit_many_paths, chequers_ecumenical_altar_island
D:3:      layout_loops_ring, nicolae_overflow_hidden_temple,
          gammafunk_ghost_arena

Skill      XL: |  1  2  3 |
---------------+----------+-----
Fighting       | 3 |  3.0
Axes           | 4 |  4.7
Armour         | |  2.2
Dodging        | |  1.1

Action                   |  1- 3 |  4- 6 || total
-------------------------+-------+-------++-------
Melee: Hand axe          |    90 |    43 ||   133
Throw: Dart              |     4 |       ||     4
 Stab: Sleeping          |       |     1 ||     1
Armor: Leather armour    |    14 |    12 ||    26
Dodge: Dodged            |    59 |    30 ||    89

Table legend: (Time is in decaauts)
 A = Elapsed time spent in this place.
 B = Non-inter-level travel time spent in this place.
 C = Inter-level travel time spent in this place.
 D = Time resting spent in this place.
 E = Time spent auto-exploring this place.
 F = Levels seen in this place.
 G = Mean time per level.
                   A        B        C        D        E       F      G
               +--------+--------+--------+--------+--------+-----+--------+
         Total |   2244 |   2205 |     39 |      0 |   1874 |   3 |  748.0 |
       Dungeon |   2244 |   2205 |     39 |      0 |   1874 |   3 |  748.0 |
               +--------+--------+--------+--------+--------+-----+--------+

Top non-repeatable levels by time:
     D:2: 1405 daAuts
     D:1: 703 daAuts
     D:3: 135 daAuts
